Map: Ascension to Aiur LE

Players

Dayshi - Winner!

  • Race: Terran Terran
  • Spawn Location: 5:00

Minato

  • Race: Zerg Zerg
  • Spawn Location: 11:00

Event: WCS Valencia 2017

VOD

Have the link to the VOD?

Description

Time

  • Played on: July 13, 2017, 7:44 a.m.
  • Length: 28:12

All games in this series

Show
View Real Time Build Order
Export as new Build Order

Dayshi Terran - Winner!

Build Orders: Reaper Expand, Hellion Banshee, Mech 

Get SALT Encoding   

  12  0:01  SCV  
  13  0:13  SCV  
  14  0:19  Supply Depot  
  14  0:25  SCV  
  15  0:29  Refinery  
  15  0:40  SCV  
  16  0:45  Barracks  
  16  0:52  SCV  
  17  1:05  SCV  
  18  1:17  SCV  
  19  1:32  Orbital Command, Reaper  
  20  1:43  Command Center  
  20  1:54  Factory  
  20  1:58  SCV  
  21  2:06  Barracks Reactor  
  21  2:09  Supply Depot  
  21  2:10  SCV  
  21  2:14  Refinery  
  22  2:22  SCV  
  23  2:34  SCV  
  24  2:43  Starport  
  23  2:49  SCV  
  26  2:51  Hellion x2  
  26  2:54  Barracks Tech Lab  
  28  3:11  SCV  
  30  3:13  Hellion  
  30  3:16  Hellion  
  27  3:29  SCV  
  29  3:34  Hellion  
  29  3:37  Cloaking Field  
  29  3:38  Hellion  
  29  3:42  Banshee  
  30  4:01  SCV, Supply Depot  
  30  4:14  Command Center  
  30  4:17  SCV  
  31  4:24  Banshee  
  31  4:26  Hellion  
  31  4:29  Hellion  
  38  4:36  SCV  
  38  4:38  Barracks Tech Lab  
  35  4:47  Hellion  
  35  4:50  Hellion, Armory  
  39  5:12  Marine  
  39  5:13  Hellion x2, SCV  
  45  5:25  SCV  
  46  5:31  Marine, Orbital Command  
  44  5:35  Banshee  
  44  5:37  Hellion  
  49  5:44  SCV  
  49  5:49  Hellion  
  52  5:51  Terran Vehicle Weapons Level 1  
  52  5:55  Orbital Command  
  52  6:03  SCV  
  53  6:15  SCV  
  54  6:23  SCV  
  47  6:27  Hellion, SCV  
  47  6:28  Hellion  
  47  6:30  Raven  
  51  6:35  SCV  
  51  6:36  Factory  
  51  6:44  SCV  
  50  6:47  SCV  
  50  6:49  Supply Depot  
  50  6:52  Factory  
  51  6:56  Hellion, SCV  
  51  6:57  Hellion  
  51  6:59  Refinery  
  51  7:00  SCV  
  57  7:01  Refinery  
  54  7:18  Hellion x2  
  58  7:27  Raven  
  58  7:28  SCV x2  
  59  7:34  Command Center  
  59  7:40  Supply Depot  
  59  7:43  Supply Depot  
  55  7:45  Hellion x2  
  55  7:46  SCV  
  55  7:47  SCV  
  60  8:03  Engineering Bay  
  60  8:06  Factory Tech Lab  
  60  8:09  SCV x2  
  62  8:16  Terran Vehicle Weapons Level 2  
  62  8:21  Starport Reactor  
  62  8:26  SCV x2  
  54  8:32  Hellion x2, Infernal Pre-Igniter  
  58  8:34  Thor  
  64  8:45  Thor  
  70  8:51  Orbital Command  
  70  8:53  SCV  
  70  8:54  SCV  
  74  8:55  Hellion  
  74  8:58  Hellion  
  74  9:02  Medivac x2  
  78  9:07  SCV x2  
  84  9:17  Hellion  
  84  9:20  Hellion, Siege Tank  
  84  9:21  Orbital Command  
  84  9:23  SCV x2  
  91  9:28  Siege Tank  
  94  9:32  Supply Depot  
  94  9:34  Supply Depot  
  94  9:36  Supply Depot  
  94  9:37  Medivac x2  
  98  9:39  Hellion  
  100  9:47  SCV  
  101  9:54  Hellion, SCV  
  101  9:56  Siege Tank  
  107  10:00  Siege Tank  
  107  10:01  SCV  
  111  10:09  Orbital Command  
  111  10:10  Hellbat  
  111  10:12  Barracks Tech Lab  
  113  10:15  Factory  
  101  10:29  Siege Tank, Hellion  
  101  10:31  Hellion  
  101  10:32  Siege Tank  
  111  10:37  SCV x3  
  114  10:49  SCV x2  
  116  10:53  Terran Vehicle Weapons Level 3  
  116  10:54  SCV  
  116  10:55  Refinery  
  117  10:57  Refinery  
  117  10:58  Supply Depot  
  117  10:59  Supply Depot x2  
  117  11:05  Siege Tank x2  
  117  11:07  Factory Reactor  
  117  11:11  Hellbat  
  125  11:16  Missile Turret  
  125  11:19  SCV x2  
  125  11:20  Hellbat  
  125  11:23  SCV, Supply Depot  
  130  11:31  SCV  
  131  11:34  Hellbat  
  131  11:35  Viking  
  131  11:36  Viking  
  131  11:37  Siege Tank  
  136  11:48  Siege Tank, Hellbat  
  136  11:53  Hellbat  
  139  12:05  Viking  
  139  12:06  Hellion, Viking  
  137  12:09  Siege Tank  
  137  12:12  SCV  
  137  12:14  SCV, Missile Turret  
  137  12:15  SCV, Missile Turret  
  143  12:20  Siege Tank, Missile Turret  
  146  12:28  Hellion, Hellbat  
  146  12:29  Hellbat  
  152  12:36  Missile Turret  
  146  12:39  Viking x2  
  150  12:49  Thor  
  156  13:01  Siege Tank  
  156  13:02  SCV x2, Starport  
  156  13:03  Factory  
  156  13:04  Starport  
  157  13:14  Supply Depot  
  157  13:15  Hellion x3  
  161  13:29  Command Center  
  161  13:34  Siege Tank  
  161  13:35  Siege Tank  
  161  13:37  Viking x2  
  161  13:40  Terran Vehicle And Ship Armor Level 1  
  161  13:41  Hellion x7  
  171  13:42  Starport Reactor x2  
  171  13:43  Starport Tech Lab  
  171  13:49  Siege Tank  
  172  14:03  Liberator  
  172  14:07  Supply Depot  
  172  14:08  Liberator  
  172  14:16  Hellbat  
  172  14:17  Siege Tank  
  173  14:18  Siege Tank, Hellbat x2  
  173  14:25  Viking  
  178  14:33  Supply Depot  
  174  14:39  Viking  
  172  14:53  Thor  
  172  14:56  Viking x2  
  179  15:11  Refinery  
  179  15:21  Liberator  
  179  15:22  Liberator  
  179  15:23  Planetary Fortress  
  179  15:26  SCV  
  179  15:27  SCV x2, Missile Turret  
  182  15:28  Missile Turret  
  182  15:30  Missile Turret  
  182  15:34  Supply Depot  
  182  15:35  Supply Depot  
  179  15:38  SCV  
  179  15:40  Viking  
  188  15:51  Refinery, Sensor Tower  
  188  15:54  Command Center  
  188  15:58  Liberator  
  188  16:01  Terran Vehicle And Ship Armor Level 2  
  188  16:02  Hellion x2  
  188  16:04  Hellion  
  194  16:17  Hellbat x3  
  199  16:56  Viking x2  
  200  17:06  Siege Tank x2, Hellbat  
  200  17:07  Liberator  
  173  17:11  Siege Tank, Hellbat  
  132  17:16  Hellbat  
  132  17:19  Orbital Command  
  132  17:21  Hellbat  
  136  17:24  Liberator  
  136  17:28  Hellbat  
  138  17:32  Hellion  
  131  17:38  Hellion, Siege Tank x2  
  131  17:42  Hellion  
  131  17:43  Siege Tank  
  141  17:49  Hellion  
  137  17:54  Hellion  
  127  17:59  Hellion  
  127  18:00  Liberator x3  
  127  18:04  Hellion  
  117  18:10  Siege Tank, Hellbat x2, Orbital Command  
  115  18:15  Hellbat  
  113  18:20  SCV x3  
  113  18:21  Hellbat  
  113  18:25  Hellion  
  114  18:27  Liberator  
  114  18:32  SCV x3  
  117  18:36  SCV  
  118  18:44  SCV x3  
  118  18:46  Siege Tank  
  118  18:48  SCV  
  128  18:49  Refinery  
  128  18:51  SCV  
  128  18:52  Refinery  
  129  18:56  Hellbat, SCV x3  
  129  19:00  SCV  
  129  19:01  Siege Tank  
  138  19:03  SCV  
  138  19:06  Hellbat  
  138  19:07  Hellion x8  
  141  19:15  Hellbat x3  
  147  19:33  Hellbat x2, Thor  
  157  19:40  Siege Tank, Hellbat  
  162  19:48  Viking  
  162  19:50  Viking  
  162  19:51  Hellion  
  162  19:52  Hellion  
  168  19:54  Hellion  
  168  19:55  Hellion  
  168  19:57  Command Center  
  170  20:01  Command Center  
  170  20:08  Hellion, Viking  
  170  20:12  Hellion  
  170  20:13  Siege Tank  
  162  20:16  Siege Tank  
  162  20:31  Viking x2  
  162  20:32  Viking  
  146  20:46  Siege Tank x2, Hellbat  
  146  20:48  Viking x2  
  128  21:01  Siege Tank  
  128  21:02  Hellbat  
  131  21:18  Missile Turret x2  
  125  21:20  Siege Tank  
  125  21:21  Viking  
  125  21:25  Terran Ship Weapons Level 1  
  130  21:33  Refinery  
  130  21:35  Hellbat, Refinery  
  130  21:36  Hellbat  
  130  21:39  Viking x2  
  135  21:53  Planetary Fortress  
  135  21:55  Liberator  
  135  22:00  Siege Tank  
  144  22:01  Hellbat x4  
  149  22:17  Siege Tank  
  148  22:22  Liberator  
  148  22:23  Liberator  
  148  22:37  Missile Turret  
  148  22:42  SCV  
  148  22:43  SCV x5  
  160  22:51  Planetary Fortress  
  160  23:07  Viking  
  160  23:08  Viking  
  164  23:14  Viking  
  164  23:32  Siege Tank, Viking  
  164  23:33  Viking  
  169  23:37  Viking  
  163  23:41  Viking  
  163  23:44  Widow Mine x2, Viking  
  163  23:47  Drilling Claws  
  167  23:51  Orbital Command  
  163  23:59  Widow Mine  
  163  24:00  Widow Mine x2  
  166  24:18  Supply Depot x2  
  166  24:22  Liberator  
  166  24:32  Supply Depot  
  166  24:36  Liberator x2, Refinery x2  
  164  24:41  Supply Depot  
  167  24:53  SCV x4  
  167  24:54  Engineering Bay  
  177  25:01  Supply Depot  
  177  25:03  SCV x2  
  177  25:04  Thor  
  185  25:11  Supply Depot x2  
  185  25:13  Orbital Command  
  185  25:23  Thor, SCV, Terran Ship Weapons Level 2  
  192  25:30  Widow Mine x2  
  193  25:39  Thor  
  199  25:44  Liberator x2  
  199  25:45  Liberator x2  
  163  26:03  Siege Tank  
  153  26:04  Hellion  
  144  26:23  Liberator  
  138  26:32  Siege Tank x2, Hellion  
  146  26:35  Hellion, Hellbat  
  147  26:43  Hellion x3  
  150  26:53  Orbital Command  
  150  27:01  Siege Tank  
  150  27:02  Hellbat x4  
  150  27:04  Siege Tank  
  157  27:33  Viking  
  157  27:34  Siege Tank x2  
  157  27:35  Hellbat x4  
  157  27:36  Hellbat  
Show
View Real Time Build Order
Export as new Build Order

Minato Zerg 

Build Orders: Pool First 

Get SALT Encoding   

  12  0:00  Drone  
  13  0:12  Overlord  
  13  0:17  Drone  
  14  0:31  Drone x2  
  14  0:34  Extractor  
  15  0:43  Spawning Pool  
  15  0:47  Drone  
  15  0:52  Drone  
  16  1:00  Drone  
  17  1:11  Drone  
  18  1:25  Hatchery  
  17  1:30  Zergling x2  
  17  1:32  Zergling x2  
  19  1:43  Zergling x2  
  19  1:45  Metabolic Boost  
  20  1:52  Queen  
  22  1:58  Overlord  
  22  2:18  Zergling x4  
  24  2:25  Zergling x2  
  24  2:28  Queen  
  28  2:37  Zergling x2  
  28  2:50  Zergling x2  
  28  2:51  Zergling x4  
  31  2:53  Queen  
  33  3:09  Drone x3  
  36  3:12  Overlord  
  36  3:13  Overlord  
  34  3:26  Overlord x2  
  32  3:38  Drone x4  
  35  3:44  Drone x2  
  35  3:48  Drone x3  
  38  3:54  Drone  
  38  3:58  Queen  
  40  4:09  Hatchery  
  39  4:13  Drone  
  39  4:14  Spore Crawler  
  39  4:15  Drone  
  39  4:17  Drone  
  39  4:21  Zergling x4  
  42  4:27  Spore Crawler  
  42  4:30  Spore Crawler  
  40  4:38  Queen  
  39  4:40  Queen  
  39  4:45  Zergling x4  
  45  4:46  Drone  
  45  4:49  Drone  
  45  4:51  Drone  
  48  4:54  Drone  
  48  4:57  Overlord  
  49  5:03  Zergling x2  
  49  5:04  Zergling x2  
  51  5:10  Evolution Chamber  
  51  5:13  Evolution Chamber  
  49  5:18  Drone x5  
  54  5:27  Zergling x2  
  54  5:28  Zergling x6  
  57  5:36  Drone x3  
  57  5:41  Zerg Melee Weapons Level 1  
  59  5:45  Zergling x8  
  59  5:46  Zergling x2  
  64  5:50  Lair  
  64  5:55  Zerg Ground Armor Level 1  
  63  6:09  Drone x8  
  71  6:15  Drone x4  
  58  6:27  Zergling x12  
  64  6:36  Zergling x2  
  65  6:41  Zergling x4  
  67  6:48  Zergling x6  
  67  6:52  Hatchery  
  73  6:58  Overseer  
  73  7:01  Drone x2  
  71  7:02  Drone x4  
  73  7:09  Zergling x8  
  77  7:15  Zergling x2  
  77  7:16  Zergling x2  
  77  7:26  Zergling x4  
  77  7:27  Zergling x6  
  77  7:29  Overlord x3  
  82  7:30  Overlord  
  82  7:34  Overlord x3  
  72  7:45  Zergling x2  
  72  7:46  Zergling x4  
  74  7:52  Roach Warren  
  74  7:53  Extractor, Zerg Missile Weapons Level 1  
  72  7:59  Drone x7  
  72  8:00  Drone  
  72  8:01  Extractor x2  
  78  8:07  Drone x2  
  78  8:09  Extractor  
  78  8:10  Extractor, Drone  
  79  8:13  Drone x5  
  79  8:16  Drone  
  85  8:26  Drone x6  
  87  8:37  Infestation Pit  
  86  8:41  Overlord x2  
  86  8:53  Glial Reconstitution  
  86  8:55  Zerg Melee Weapons Level 2  
  84  8:56  Hatchery  
  84  8:57  Roach x2  
  84  8:58  Roach x5  
  84  8:59  Zergling x6, Roach  
  84  9:00  Zergling x4  
  104  9:10  Drone  
  104  9:11  Baneling Nest  
  104  9:16  Hive  
  102  9:17  Roach x2  
  102  9:18  Roach x2  
  102  9:19  Roach  
  102  9:22  Roach x2  
  102  9:24  Roach  
  118  9:30  Roach x4  
  126  9:33  Roach x2  
  126  9:34  Roach  
  126  9:36  Roach  
  134  9:44  Roach x2  
  134  9:45  Roach x2  
  142  9:46  Roach  
  142  9:48  Roach  
  142  9:52  Drone x3  
  149  9:53  Drone  
  149  9:56  Drone x2  
  149  9:57  Drone  
  151  10:02  Zergling x6  
  151  10:03  Zergling x2  
  154  10:13  Zergling x8, Roach x3  
  164  10:18  Overlord  
  164  10:21  Drone x4  
  153  10:26  Drone x2  
  157  10:35  Extractor  
  154  10:36  Viper x3  
  154  10:37  Extractor  
  154  10:38  Viper  
  165  10:45  Zergling x4, Roach x3  
  173  10:51  Overlord  
  173  10:52  Overlord x3  
  173  11:01  Ultralisk Cavern  
  172  11:13  Hatchery  
  171  11:22  Centrifical Hooks  
  171  11:41  Drone  
  171  11:44  Drone x3  
  162  12:02  Drone x2  
  162  12:03  Drone  
  162  12:10  Chitinous Plating, Ravager  
  162  12:11  Zerg Melee Weapons Level 3, Zerg Ground Armor Level 2, Spire  
  162  12:14  Drone  
  163  12:16  Drone  
  163  12:17  Drone x9  
  173  12:24  Ultralisk x2  
  173  12:27  Ultralisk, Zergling x2  
  173  12:28  Zergling x8  
  169  12:40  Ultralisk, Zergling x4  
  169  12:41  Zergling x6  
  180  13:04  Ultralisk x2, Zergling x6  
  180  13:05  Zergling x8  
  197  13:13  Extractor  
  197  13:14  Extractor, Spine Crawler  
  197  13:15  Spore Crawler, Spine Crawler x2  
  197  13:18  Spire  
  190  13:26  Greater Spire  
  187  13:28  Drone x3  
  187  13:29  Drone x3  
  187  13:30  Queen, Drone x2, Spine Crawler  
  187  13:31  Spine Crawler  
  195  13:39  Adrenal Glands  
  193  13:44  Corruptor x2  
  196  13:58  Drone x3  
  196  14:01  Baneling x8  
  196  14:02  Baneling x8  
  195  14:24  Baneling x4  
  195  14:25  Baneling x6  
  194  14:41  Zerg Flyer Armor Level 1, Zerg Flyer Weapons Level 1  
  188  14:48  Drone x2  
  188  14:49  Drone  
  188  14:53  Corruptor x5  
  198  15:07  Corruptor x3  
  199  15:19  Pneumatized Carapace  
  183  15:29  Corruptor x4  
  183  15:34  Hatchery  
  184  15:44  Brood Lord x2  
  184  15:45  Zergling x2  
  184  15:46  Zergling x20  
  187  16:34  Brood Lord x6  
  187  16:39  Zerg Flyer Weapons Level 2  
  197  16:54  Hatchery  
  181  17:14  Ultralisk x3, Zergling x14  
  181  17:15  Zergling x12  
  187  17:16  Zergling x18  
  176  17:26  Zergling x4  
  176  17:27  Ultralisk, Zergling x16  
  176  17:28  Zergling x18  
  176  17:29  Zergling x2  
  166  17:31  Zergling x2  
  166  17:35  Zergling x4  
  156  17:38  Zergling x2  
  156  17:39  Zergling x2  
  158  17:44  Zergling x4  
  158  17:45  Zergling x2  
  150  17:52  Zergling x6  
  150  17:53  Zergling x4  
  150  17:57  Zergling x6  
  150  17:58  Zergling x2  
  146  18:00  Zergling x2  
  146  18:01  Zergling x2  
  146  18:05  Zergling x6  
  143  18:06  Zergling x2  
  127  18:19  Corruptor x3  
  128  18:22  Corruptor  
  120  18:39  Drone x3  
  120  18:41  Corruptor x3  
  123  18:47  Baneling x8  
  129  18:50  Corruptor  
  131  18:55  Corruptor  
  133  19:18  Corruptor x2  
  133  19:19  Corruptor x3  
  143  19:32  Baneling  
  143  19:33  Baneling x27  
  143  19:34  Baneling x4  
  142  19:42  Corruptor  
  144  19:55  Zergling x4  
  144  19:56  Ultralisk, Zergling x10  
  144  19:58  Zergling x2  
  144  19:59  Zergling x8  
  153  20:09  Zergling x2  
  153  20:10  Ultralisk  
  158  20:18  Drone x3  
  158  20:19  Drone x3  
  101  20:53  Ultralisk x2, Zergling x8  
  101  20:54  Ultralisk, Zergling x4  
  125  21:03  Corruptor x2  
  129  21:17  Infestor x3  
  134  21:21  Extractor  
  134  21:23  Drone x9  
  140  21:32  Corruptor x2  
  141  21:38  Extractor  
  141  21:39  Extractor  
  143  21:40  Corruptor  
  145  21:47  Baneling  
  145  21:48  Baneling x6  
  145  21:51  Drone x3  
  145  21:52  Spore Crawler x2  
  146  21:56  Drone x4  
  146  21:57  Drone x3  
  153  22:07  Brood Lord  
  155  22:15  Brood Lord  
  157  22:21  Brood Lord  
  159  22:25  Extractor  
  159  22:28  Drone x2, Spine Crawler x2  
  159  22:29  Spine Crawler x2, Drone x3  
  158  22:30  Spore Crawler  
  158  22:31  Spine Crawler  
  158  22:32  Extractor  
  158  22:34  Corruptor x2  
  159  22:38  Brood Lord  
  161  22:47  Corruptor  
  163  23:00  Corruptor  
  163  23:01  Corruptor  
  163  23:04  Brood Lord  
  169  23:11  Brood Lord  
  171  23:14  Zergling x8  
  171  23:15  Zergling x26  
  188  23:20  Corruptor  
  182  23:45  Corruptor x3  
  180  24:01  Drone  
  180  24:02  Drone x3  
  178  24:03  Drone x6  
  178  24:04  Corruptor x4  
  189  24:13  Brood Lord  
  183  24:38  Hatchery  
  182  24:39  Zergling x2  
  182  24:41  Corruptor  
  185  24:48  Brood Lord  
  187  24:55  Extractor  
  186  25:01  Zergling x2  
  186  25:02  Zergling x26  
  200  25:18  Brood Lord  
  198  25:36  Brood Lord x2  
  192  25:53  Baneling  
  192  25:54  Baneling x2  
  145  26:04  Corruptor x3  
  145  26:10  Corruptor  
  127  26:13  Zergling x24  
  127  26:14  Zergling x28  
  108  26:28  Ultralisk, Zergling x4  
  108  26:29  Zergling x2  
  113  26:45  Corruptor x3  
  114  27:02  Ultralisk  
  114  27:03  Zergling x10  
  118  27:19  Drone x6  
  111  27:30  Drone x6  
  116  27:45  Baneling  
  116  27:46  Baneling x8  
Tags
 
Add a new tag
Caveats
  • Supply blocks, unpowered buildings, or Contaminate may cause inaccurate times.
  • Supply counts are checked every 10 seconds.